 Dungeon Crawl Stone Soup version 0.17.1-1-g73c8601 (webtiles) character file.

7840 DeXoteric the Cleaver (level 11, -1/121 HPs)
             Began as a Demonspawn Chaos Knight on Dec 27, 2015.
             Succumbed to a sea snake's poison
             ... on level 11 of the Dungeon.
             The game lasted 00:31:09 (10054 turns).

DeXoteric the Cleaver (Demonspawn Chaos Knight)    Turns: 10054, Time: 00:31:09

Health: -1/121     AC: 30    Str: 13    XL:     11   Next: 2%
Magic:  2/9        EV:  2    Int: 14    God:    Xom [....*.]
Gold:   325        SH:  0    Dex: 13    Spells: 0 memorised, 10 levels left

rFire  . . .     SeeInvis .     b - +1 morningstar (protect)
rCold  . . .     Clarity  .     (armour currently unavailable)
rNeg   + + +     SustAt   .     (no shield)
rPois  +         Gourm    .     (helmet currently unavailable)
rElec  .         Spirit   +     (cloak currently unavailable)
rCorr  .         Warding  .     (gloves currently unavailable)
rMut   .         NoTele   +     (boots currently unavailable)
MR     .....                    x - amulet of regeneration
Stlth  +.........               (no ring)
                                (no ring)

@: lethally poisoned (-1 -> -24), tree-form, not resistant to hostile
enchantments, very unstealthy
A: (yellow scales 0), (camouflage 0), blurry vision 1, frail 1, low mp 1, weak
1, magic shield, magic regeneration, magic link
a: Renounce Religion


You were on level 11 of the Dungeon.
You worshipped Xom.
You were a beloved toy of Xom.
You were not hungry.
You were a tree.
You visited 1 branch of the dungeon, and saw 11 of its levels.
You also visited: Ossuary.

You collected 507 gold pieces.
You spent 182 gold pieces at shops.

Inventory:

Hand Weapons
 a - a +0 war axe
 b - a +1 morningstar of protection (weapon)
 D - a +0 hand axe of chaos
Armour
 r - a +0 helmet (melded)
 s - a +3 leather armour (melded)
 z - a +0 buckler
 F - a +0 plate armour
 G - a +1 pair of gloves (melded)
 L - a +1 cloak (melded)
Jewellery
 x - an amulet of regeneration (around neck)
 Q - a +3 ring of intelligence {unknown}
Wands
 l - a wand of fire (7)
 q - a wand of confusion (20)
 A - a wand of frost (29)
Scrolls
 e - 2 scrolls of enchant armour
 f - a scroll of magic mapping {unknown}
 m - a scroll of teleportation
 o - 3 scrolls of remove curse
 p - a scroll of recharging {unknown}
 t - 2 scrolls of blinking
 u - 2 scrolls of amnesia
 w - 2 scrolls of immolation {unknown}
 y - a scroll of silence {unknown}
 B - 2 scrolls of enchant weapon {unknown}
 C - 2 scrolls of fear
 E - 2 scrolls of noise {unknown}
 I - 3 scrolls of identify
 M - a scroll of fog
Potions
 d - 3 potions of flight
 i - a potion of lignification
 j - 2 potions of mutation {unknown}
 k - a potion of cancellation {unknown}
 n - a potion of invisibility {unknown}
 v - 2 potions of might
 H - a potion of degeneration {unknown}
 K - a potion of agility {unknown}
 O - 2 potions of haste
 P - a potion of resistance {unknown}
Comestibles
 c - 12 bread rations
 h - 10 meat rations
 J - 4 beef jerkies
 N - 6 chunks of flesh


   Skills:
 - Level 10.1 Fighting
 * Level 12.8 Axes
 + Level 2.0 Armour
 + Level 1.1 Dodging


You had 10 spell levels left.
You didn't know any spells.

Dungeon Overview and Level Annotations

Branches:
Dungeon (11/15)            Temple (0/1) D:4
   Lair: D:8-11         Orc: D:9-12

Altars:
Elyvilon
Fedhas
Okawaru
Ru
Sif Muna
Xom
Zin

Shops:
D:4 !   D:7 %

Annotations:
D:7 exclusion: door


Innate Abilities, Weirdness & Mutations

((You are mostly covered in yellow scales (AC +3).))
When hurt, damage is shared between your health and your magic reserves.
You regenerate magic rapidly.
When low on magic, you restore magic in place of health.
((Your skin changes colour to match your surroundings (Stealth).))
Scrolls take you a little longer to read.
You are frail (-10% HP).
Your magical capacity is low (-10% MP).
You are weak. (Str -2)


Message History

Drink which item? (? for menu, Esc to quit)
You turn into a tree.
Your +1 cloak melds into your body.
Your +0 helmet melds into your body.
Your +1 pair of gloves melds into your body.
Your +3 leather armour melds into your body.
Your roots penetrate the ground.
* * * LOW HITPOINT WARNING * * *
You feel very sick. The sea snake bites you.
* * * LOW HITPOINT WARNING * * *
The sea snake bites you.
You now have 5/121 hp.
You closely miss the sea snake.
* * * LOW HITPOINT WARNING * * *
You feel very sick.
The sea snake bites you but does no damage.
You take 3 damage, and have 2/121 hp.
You sock the sea snake!
You die...
Xom is highly amused!

...........#
##..###....###
##. ###..##
...## ##..#.#
#.?..###..####
#.....(.###
..###...#
#....#
.....##♣##
...## ##S## .#
##..###
#.....#
#.....)....##
##....####.#
#.... .# ##..
#. #.. ##


You could see a sea snake shaped shifter.

Vanquished Creatures
  A centaur warrior (D:10)
  A hill giant (D:10)
  A cyclops (D:8)
  Maurice (D:9)
  A troll (D:10)
  8 yaks
  2 hippogriffs (D:7)
  2 phantoms
  3 ice beasts
  An orc warrior (D:10)
  2 ogres
  5 elf zombies (Ossuary)
  A big kobold (D:8)
  7 centaurs
  5 giant frogs
  A water moccasin zombie (D:6)
  4 scorpions
  7 wights
  2 crimson imps (D:8)
  3 centaur zombies (Ossuary)
  2 giant frog skeletons (D:7)
  2 human zombies (Ossuary)
  3 orc priests
  A centaur skeleton (D:4)
  An iguana (D:8)
  A jelly (D:11)
  5 hounds
  6 orc wizards
  5 worker ants
  A sheep (D:4)
  2 killer bee zombies
  2 hound zombies
  2 mummies (Ossuary)
  2 worker ant zombies
  A gnoll (D:3)
  4 river rats (D:4)
  14 adders
  3 adder skeletons
  2 adder zombies
  A worm (D:2)
  8 giant geckos
  35 orcs
  12 goblins
  6 hobgoblins
  7 jackals
  10 kobolds
  2 quokkas
  2 bats
  11 giant cockroaches
  3 giant newts
  A quokka skeleton (D:7)
  2 quokka zombies
  4 rats
  2 plants (D:4)
223 creatures vanquished.

Vanquished Creatures (collateral kills)
  A hill giant (D:11)
  An ogre (D:7)
  A centaur (D:9)
  A giant frog (D:9)
  A centaur zombie (Ossuary)
  3 crimson imps
  A human zombie (Ossuary)
  A killer bee zombie (D:9)
  A mummy (Ossuary)
  Robin (D:2)
  A shadow imp (D:11)
  A hobgoblin (D:2)
  A giant newt (D:2)
  A goblin (D:2)
16 creatures vanquished.

Vanquished Creatures (others)
  A yak (D:10)
  An ogre (D:9)
  A wight (D:7)
  A crimson imp (D:7)
  An orc wizard (D:7)
  4 plants (D:4)
9 creatures vanquished.

Grand Total: 248 creatures vanquished

Notes
Turn   | Place    | Note
--------------------------------------------------------------
     0 | D:1      | DeXoteric the Demonspawn Chaos Knight began the quest for the Orb.
     0 | D:1      | Reached XP level 1. HP: 18/18 MP: 1/1
   457 | D:1      | XOM: divination: detect items
   591 | D:1      | Gained mutation: You are partially covered in yellow scales (AC +2). [demonic ancestry]
   591 | D:1      | Reached XP level 2. HP: 24/24 MP: 2/2
   784 | D:1      | XOM: divination: detect creatures
   984 | D:2      | XOM: harmless Ice miscast
  1051 | D:2      | XOM: scenery: create altars
  1073 | D:2      | Gained mutation: When hurt, damage is shared between your health and your magic reserves. [demonic ancestry]
  1073 | D:2      | Reached XP level 3. HP: 29/29 MP: 3/3
  1088 | D:2      | Found a white marble altar of Elyvilon.
  1155 | D:2      | XOM: divination: detect creatures
  1169 | D:2      | Found a blossoming altar of Fedhas.
  1454 | D:2      | XOM: cast spell 'Call Canine Familiar'
  1474 | D:2      | Reached skill level 4 in Axes
  1478 | D:2      | Gained mutation: You regenerate magic rapidly. [demonic ancestry]
  1478 | D:2      | Reached XP level 4. HP: 33/36 MP: 2/4
  1486 | D:2      | Noticed Robin
  1492 | D:2      | Killed Robin
  1727 | D:2      | XOM: 1-stop teleportation journey
  2149 | D:3      | XOM: god gift: great mace {god gift}
  2183 | D:3      | Found a deep blue altar of Sif Muna.
  2183 | D:3      | XOM: 2-stop teleportation journey
  2436 | D:3      | XOM: enchant monster (good)
  2541 | D:4      | XOM: polymorph worker ant -> sheep
  2576 | D:4      | Reached XP level 5. HP: 27/42 MP: 5/5
  2692 | D:4      | Found a sacrificial altar of Ru.
  2708 | D:4      | Found a glowing silver altar of Zin.
  2708 | D:4      | XOM: 7-stop teleportation journey
  2712 | D:4      | XOM: divination: detect creatures
  2781 | D:4      | Reached skill level 5 in Axes
  2822 | D:4      | Noticed a giant frog
  2841 | D:4      | Killed a giant frog
  2861 | D:4      | Reached XP level 6. HP: 49/49 MP: 6/6
  2861 | D:4      | XOM: 5-stop teleportation journey
  2916 | D:4      | XOM: divination: magic mapping
  3105 | D:4      | Found a staircase to the Ecumenical Temple.
  3168 | D:4      | Found Ompoplerph's Distillery.
  3172 | D:4      | Bought a potion of heal wounds for 70 gold pieces
  3172 | D:4      | Bought a potion of heal wounds for 70 gold pieces
  3172 | D:4      | Bought a potion of curing for 42 gold pieces
  3268 | D:4      | XOM: summons friendly ufetubus
  3318 | D:5      | Entered Level 5 of the Dungeon
  3704 | D:5      | XOM: 5-stop teleportation journey
  3832 | D:5      | XOM: vitrification
  4060 | D:5      | XOM: fog
  4063 | D:5      | XOM: summons friendly shadow imp
  4087 | D:5      | Reached skill level 6 in Axes
  4114 | D:5      | Reached skill level 5 in Fighting
  4119 | D:5      | Reached XP level 7. HP: 50/56 MP: 7/7
  4297 | D:6      | XOM: confuse monster(s)
  4303 | D:6      | XOM: cast spell 'Hydra Form'
  4307 | D:6      | XOM: 2-stop teleportation journey
  4334 | D:6      | XOM: god gift: 15 gold pieces
  4632 | D:6      | Reached skill level 7 in Axes
  4688 | D:6      | XOM: give mutation
  4688 | D:6      | Gained mutation: You possess an exceptional clarity of mind. [Xom's grace]
  4884 | D:7      | Reached XP level 8. HP: 61/64 MP: 8/8
  4946 | D:7      | Reached skill level 8 in Axes
  5122 | D:7      | Found a sand-covered staircase.
  5132 | Ossuary  | Entered an ossuary
  5139 | Ossuary  | XOM: summons 8 friendly demons
  5200 | Ossuary  | XOM: scenery: 2 doors open, 1 doors close
  5215 | Ossuary  | XOM: fog
  5229 | Ossuary  | Reached skill level 9 in Axes
  5354 | Ossuary  | XOM: confuse monster(s)
  5364 | Ossuary  | XOM: smoke on damage
  5374 | Ossuary  | XOM: give mutations
  5374 | Ossuary  | Gained mutation: You are mostly covered in yellow scales (AC +3). [Xom's grace]
  5374 | Ossuary  | Gained mutation: You are agile. (Dex +2) [Xom's grace]
  5391 | Ossuary  | XOM: swap monsters
  5404 | Ossuary  | XOM: potion effect (invisibility)
  5451 | Ossuary  | Gained mutation: When low on magic, you restore magic in place of health. [demonic ancestry]
  5451 | Ossuary  | Reached XP level 9. HP: 47/72 MP: 9/9
  5600 | D:7      | XOM: potion effect (curing)
  5602 | D:7      | XOM: potion effect (haste)
  5613 | D:7      | XOM: potion effect (brilliance)
  5645 | D:7      | XOM: harmless Air miscast
  5724 | D:7      | XOM: silly message
  5729 | D:7      | XOM: potion effect (heal wounds)
  5810 | D:7      | Found Miada's Food Boutique.
  5814 | D:7      | XOM: blink monster(s)
  5858 | D:7      | Found an iron altar of Okawaru.
  5906 | D:7      | Found a deep blue altar of Sif Muna.
  6021 | D:7      | Reached skill level 10 in Axes
  6094 | D:7      | XOM: harmless Summ miscast
  6175 | D:7      | XOM: silly message
  6231 | D:8      | XOM: divination: magic mapping
  6379 | D:8      | XOM: smoke on damage
  6600 | D:8      | XOM: cast spell 'Dragon Form'
  6795 | D:8      | Noticed a cyclops
  6815 | D:8      | Killed a cyclops
  6926 | D:8      | XOM: mild Divn miscast
  7031 | D:9      | XOM: summons 9 friendly demons
  7175 | D:9      | XOM: give mutations
  7175 | D:9      | Gained mutation: Your magical capacity is low (-10% MP). [Xom's mischief]
  7175 | D:9      | Lost mutation: You are agile. (Dex +2) [Xom's mischief]
  7175 | D:9      | Gained mutation: Your skin changes colour to match your surroundings (Stealth). [Xom's mischief]
  7175 | D:9      | Gained mutation: Scrolls take you a little longer to read. [Xom's mischief]
  7254 | D:9      | Noticed Maurice
  7285 | D:9      | Killed Maurice
  7285 | D:9      | Reached skill level 11 in Axes
  7432 | D:9      | XOM: confuse monster(s)
  7444 | D:9      | XOM: destruction
  7448 | D:9      | Reached XP level 10. HP: 52/82 MP: 6/9
  7599 | D:9      | XOM: god gift: stone of tremors
  7656 | D:9      | XOM: god gift: shortbow {god gift}
  7766 | D:10     | Entered Level 10 of the Dungeon
  7794 | D:10     | XOM: vitrification
  7802 | D:10     | XOM: divine lightning (protected)
  7809 | D:10     | Noticed a centaur warrior
  7809 | D:10     | XOM: polymorph yak -> yak
  7814 | D:9      | HP: 1/83 [yak (6)]
  7830 | D:9      | XOM: swap monsters
  7832 | D:9      | XOM: enchant monster (good)
  7839 | D:9      | XOM: destruction
  7939 | D:9      | XOM: enchant monster (good)
  7943 | D:9      | XOM: enchant monster (good)
  7956 | D:9      | XOM: blink monster(s)
  8148 | D:10     | XOM: harmless Summ miscast
  8180 | D:10     | Killed a centaur warrior
  8180 | D:10     | Reached skill level 12 in Axes
  8180 | D:10     | XOM: 2-stop teleportation journey
  8206 | D:9      | XOM: harmless Fire miscast
  8317 | D:10     | XOM: harmless Ice miscast
  8364 | D:10     | XOM: harmless Fire miscast
  8368 | D:10     | XOM: 1-stop teleportation journey
  8487 | D:10     | XOM: 3-stop teleportation journey
  8488 | D:10     | Noticed a hill giant
  8497 | D:10     | XOM: chaos upgrade
  8500 | D:10     | XOM: noise
  8508 | D:10     | HP: 5/126 [poisoned by a hill giant]
  8509 | D:10     | Killed a hill giant
  8632 | D:10     | XOM: summons 5 hostile demons
  8665 | D:10     | HP: 5/127 [hellwing[Xom] (4)]
  8686 | D:10     | XOM: silly message
  8985 | D:10     | XOM: chaos cloud
  8986 | D:10     | Paralysed by you for 7 turns
  8997 | D:10     | Reached skill level 10 in Fighting
  9103 | D:10     | XOM: medium Erth miscast
  9238 | D:10     | XOM: summons 4 hostile shadow creatures
  9386 | D:10     | XOM: chaos upgrade
  9417 | D:10     | XOM: noise
  9670 | D:11     | XOM: stealth player
  9730 | D:11     | Reached skill level 1 in Dodging
  9777 | D:11     | XOM: give mutation
  9777 | D:11     | Gained mutation: Your body sometimes deteriorates upon taking damage. [Xom's mischief]
  9850 | D:11     | XOM: give mutations
  9850 | D:11     | Gained mutation: You are weak. (Str -2) [Xom's mischief]
  9850 | D:11     | Lost mutation: You possess an exceptional clarity of mind. [Xom's mischief]
  9850 | D:11     | Lost mutation: Scrolls take you a little longer to read. [Xom's mischief]
  9850 | D:11     | Gained mutation: Scrolls take you a little longer to read. [Xom's mischief]
  9858 | D:11     | XOM: give mutations
  9858 | D:11     | Gained mutation: You are frail (-10% HP). [Xom's mischief]
  9858 | D:11     | Lost mutation: Your body sometimes deteriorates upon taking damage. [Xom's mischief]
  9900 | D:11     | XOM: mild Summ miscast
  9955 | D:11     | XOM: noise
  9971 | D:11     | Noticed a hill giant
  9977 | D:11     | Killed a hill giant
  9977 | D:11     | Reached XP level 11. HP: 79/81 MP: 8/9
 10011 | D:11     | Noticed a hill giant
 10021 | D:11     | XOM: confuse monster(s)
 10032 | D:11     | Noticed a sea snake
 10032 | D:11     | a hill giant changed into a sea snake
 10032 | D:11     | XOM: polymorph hill giant -> sea snake
 10052 | D:11     | HP: 5/121 [sea snake (shapeshifter) (3)]
 10053 | D:11     | HP: 2/121 [poisoned by a sea snake]
 10054 | D:11     | Succumbed to a sea snake's poison

Action                   |  1- 3 |  4- 6 |  7- 9 | 10-12 || total
-------------------------+-------+-------+-------+-------++-------
Melee: Hand axe          |   125 |   306 |   431 |       ||   862
       Unarmed           |       |       |     4 |       ||     4
       War axe           |       |       |   147 |   213 ||   360
       Morningstar       |       |       |       |   129 ||   129
  Use: Scroll            |     4 |       |     9 |       ||    13
       Potion            |       |       |     1 |    14 ||    15
 Stab: Paralysed         |       |     1 |    10 |     3 ||    14
       Sleeping          |       |     1 |       |     6 ||     7
       Invisible         |       |     1 |     4 |       ||     5
       Petrifying        |       |     1 |     4 |       ||     5
       Confused          |       |     1 |     3 |     4 ||     8
       Petrified         |       |     1 |     1 |       ||     2
  Eat: Chunk             |     2 |     7 |    15 |    14 ||    38
       Pizza             |       |     1 |       |       ||     1
       Beef jerky        |       |       |     1 |       ||     1
